 Dungeon Crawl Stone Soup version 0.17.0-28-g6e173f8 (webtiles) character file.

1098 coffecat the Chopper (level 8, -5/70 HPs)
             Began as a Minotaur Berserker on Nov 27, 2015.
             Was a Priest of Trog.
             Slain by an orc warrior
             ... wielding a +0 trident
              (13 damage)
             ... on level 5 of the Dungeon.
             The game lasted 00:12:01 (2475 turns).

coffecat the Chopper (Minotaur Berserker)           Turns: 2475, Time: 00:12:01

Health: -5/70      AC:  3    Str: 26    XL:     8   Next: 10%
Magic:  7/7        EV: 12    Int:  4    God:    Trog [***...]
Gold:   163        SH: 14    Dex: 10    Spells: 0 memorised, 7 levels left

rFire  + . .     SeeInvis +     a - +0 hand axe
rCold  . . .     Clarity  .     o - +0 leather armour of Pandemonium {rElec rPois rF+ rCorr}
rNeg   + . .     SustAt   .     f - +4 shield of Pownick {rN+ Str+2 SInv}
rPois  +         Gourm    .     (helmet restricted)
rElec  +         Spirit   .     (no cloak)
rCorr  +         Warding  .     (no gloves)
rMut   .         Stasis   .     (no boots)
MR     .....                    (no amulet)
Stlth  +.........               (no ring)
                                (no ring)

@: exhausted, not resistant to hostile enchantments, very unstealthy
A: retaliatory headbutt, horns 2
a: Berserk, Trog's Hand, Burn Spellbooks, Renounce Religion


You were on level 5 of the Dungeon.
You worshipped Trog.
Trog was most pleased with you.
You were not hungry.

You visited 1 branch of the dungeon, and saw 5 of its levels.

You collected 163 gold pieces.

Inventory:

Hand Weapons
 a - a +0 hand axe (weapon)
Armour
 b - a +0 animal skin
 f - the +4 shield of Pownick (worn) {rN+ Str+2 SInv}
   (You found it on level 4 of the Dungeon)

   It affects your strength (+2).
   It protects you from negative energy.
   It lets you see invisible.
 h - a +0 helmet
 o - the +0 leather armour of Pandemonium (worn) {rElec rPois rF+ rCorr}
   (You found it on level 4 of the Dungeon)

   It protects you from fire.
   It insulates you from electricity.
   It protects you from poison.
   It protects you from acid and corrosion.
Scrolls
 e - a scroll of enchant armour
 g - 2 scrolls of identify
 j - 3 scrolls of teleportation
 k - a scroll of noise
 l - 3 scrolls of amnesia
 q - a scroll of magic mapping {unknown}
Potions
 d - 3 potions of lignification {unknown}
 m - a potion of brilliance {unknown}
 n - 2 potions of poison {unknown}
 p - a potion of curing
Comestibles
 c - a bread ration
 i - 2 meat rations


   Skills:
 + Level 6.0 Fighting
 * Level 6.9 Axes
 + Level 3.7 Armour
 + Level 6.4 Dodging
 + Level 0.3 Stealth
 * Level 3.9 Shields


You had 7 spell levels left.
You didn't know any spells.

Dungeon Overview and Level Annotations

Branches:
Dungeon (5/15)             Temple (0/1) D:4

Altars:
Ru
Xom


Innate Abilities, Weirdness & Mutations

You reflexively headbutt those who attack you in melee.
You have a pair of horns on your head.


Message History

You block the orc's attack.
The orc warrior hits you from afar with a trident.
You slash the orc!
You kill the orc!
Trog accepts your kill.
Your Fighting skill increases to level 6!
The orc warrior barely misses you.
The orc warrior hits you with a trident.
The orc warrior hits you with a trident!
* * * LOW HITPOINT WARNING * * *
Items here: ) [ †† a war axe; a leather armour; an orc corpse; an adder corpse You hit the orc warrior but do no damage.
You feel yourself speed up.
The orc warrior hits you with a trident!
* * * LOW HITPOINT WARNING * * *
You closely miss the orc warrior.
You headbutt the orc warrior, but do no damage.
The orc warrior hits you with a trident!
You die...

.............†.......#
###...###÷.####.$#####
#...'.....#...†#
###...###...#.##†#
#...[.# #.#<#. #)#
#.#...# #.#... #)#
####### #.....##.# #o#
####.###.# ... .. #@#
... ..##o....... ...
...#........ .[.
#...#'#.. #...' '.
....#' .. ....... #
..##....


You could see an orc warrior.

Vanquished Creatures
  The ghost of emiel the Insei, an amateur DgTm (D:4)
  A wasp (D:5)
  An ice beast (D:5)
  A necrophage (D:5)
  A big kobold (D:5)
  Blork the orc (D:4)
  5 crimson imps (D:5)
  2 orc priests (D:5)
  2 hounds
  A centaur skeleton (D:5)
  A worker ant (D:5)
  An iguana (D:5)
  5 adders
  2 oozes (D:4)
  An adder skeleton (D:5)
  3 worms
  2 giant geckos
  14 orcs
  5 bats
  4 giant cockroaches
  3 hobgoblins
  3 jackals (D:1)
  A giant cockroach zombie (D:3)
  A giant gecko zombie (D:5)
  2 goblins
  11 kobolds
  A quokka (D:3)
  A quokka skeleton (D:5)
  A rat (D:2)
78 creatures vanquished.

Notes
Turn   | Place    | Note
--------------------------------------------------------------
     0 | D:1      | coffecat the Minotaur Berserker began the quest for the Orb.
     0 | D:1      | Reached XP level 1. HP: 19/19 MP: 0/0
    89 | D:1      | Reached skill level 4 in Fighting
    90 | D:1      | Reached XP level 2. HP: 13/27 MP: 1/1
   518 | D:2      | Reached XP level 3. HP: 28/33 MP: 2/2
   602 | D:2      | Reached ** piety under Trog
   735 | D:3      | Found a sacrificial altar of Ru.
   865 | D:4      | Got a tiger eye-encrusted leather armour
   877 | D:4      | Identified the cursed +0 leather armour of Pandemonium {rElec rPois rF+ rCorr} (You found it on level 4 of the Dungeon)
   931 | D:4      | Noticed Blork the orc
   945 | D:4      | Killed Blork the orc
   945 | D:4      | Reached XP level 4. HP: 41/41 MP: 3/3
  1035 | D:4      | Noticed emiel's ghost (amateur DgTm)
  1055 | D:4      | Killed emiel's ghost
  1055 | D:4      | Reached skill level 5 in Fighting
  1055 | D:4      | Reached skill level 5 in Axes
  1055 | D:4      | Reached skill level 5 in Dodging
  1055 | D:4      | Reached XP level 5. HP: 11/48 MP: 4/4
  1055 | D:4      | Reached XP level 6. HP: 12/56 MP: 5/5
  1326 | D:4      | Found a staircase to the Ecumenical Temple.
  1497 | D:4      | Got a blackened shield
  1505 | D:4      | Identified the +4 shield of Pownick {rN+ Str+2 SInv} (You found it on level 4 of the Dungeon)
  1691 | D:5      | Entered Level 5 of the Dungeon
  1720 | D:5      | Reached skill level 1 in Shields
  1938 | D:5      | Reached XP level 7. HP: 56/61 MP: 6/6
  1947 | D:5      | Reached skill level 6 in Dodging
  2191 | D:5      | Found a shimmering altar of Xom.
  2440 | D:5      | Reached XP level 8. HP: 70/70 MP: 7/7
  2454 | D:5      | Reached *** piety under Trog
  2475 | D:5      | Slain by an orc warrior

Action                   |  1- 3 |  4- 6 |  7- 9 || total
-------------------------+-------+-------+-------++-------
Melee: Hand axe          |    72 |    72 |   103 ||   247
Invok: Berserk           |     1 |     2 |     3 ||     6
  Use: Scroll            |     4 |       |       ||     4
  Eat: Chunk             |       |     3 |       ||     3
       Bread ration      |       |     1 |     1 ||     2
       Pizza             |       |     1 |       ||     1
